 Dungeon Crawl Stone Soup version 0.21.1-1-g345015f (webtiles) character file.

170 shakethe the Firebug (level 5, 0/42 HPs)
             Began as a Tengu Fire Elementalist on Feb 9, 2018.
             Succumbed to a scorpion's poison
             ... on level 4 of the Dungeon.
             The game lasted 00:10:19 (4133 turns).

shakethe the Firebug (Tengu Fire Elementalist)      Turns: 4133, Time: 00:10:19

Health: 0/42       AC: 22    Str:  9    XL:     5   Next: 51%
Magic:  4/10       EV:  2    Int: 16    God:
Gold:   53         SH:  0    Dex: 14    Spells: 1/9 levels left

rFire    . . .     SeeInvis .   g - -3 dagger
rCold    . . .     Gourm    .   (no shield)
rNeg     + + +     Faith    .   (armour currently unavailable)
rPois    +         Spirit   .   (helmet currently unavailable)
rElec    .         Reflect  .   (cloak currently unavailable)
rCorr    .         Harm     .   (gloves currently unavailable)
MR       .....     NoTele   +   (boots unavailable)
Stlth    ++........             (no amulet)
HPRegen  0.14/turn              h - ring of stealth {Stlth+}
MPRegen  0.12/turn              p - ring of loudness {Stlth-}

@: lethally poisoned (0 -> -1), tree-form, very slightly contaminated, invisible
A: able to fly 1
a: Fly


You were on level 4 of the Dungeon.
You were hungry.
You were a tree.
You visited 1 branch of the dungeon, and saw 4 of its levels.

You collected 53 gold pieces.

Inventory:

Hand Weapons
 e - a +0 club
   (You found it on level 1 of the Dungeon)
 g - a -3 dagger (weapon)
   (You found it on level 1 of the Dungeon)
 k - a +1 short sword of flaming
   (You found it on level 1 of the Dungeon)
Missiles
 q - a throwing net {=f, !d}
Armour
 a - a +1 robe (melded)
Jewellery
 h - a ring of stealth (left branch) {Stlth+}
   (You found it on level 1 of the Dungeon)
 m - an uncursed amulet of faith {unknown}
   (You found it on level 3 of the Dungeon)
 p - a ring of loudness (right branch) {Stlth-}
   (You found it on level 2 of the Dungeon)
Wands
 n - a wand of clouds (7)
   (You found it on level 2 of the Dungeon)
Scrolls
 d - 6 scrolls of identify
 l - 2 scrolls of teleportation
 o - a scroll of fear {unknown}
 s - a scroll of amnesia {unknown}
Potions
 f - a potion of might {unknown}
 i - a potion of invisibility
 j - 2 potions of lignification {!q}
Books
 b - a book of Flames
Comestibles
 c - 6 rations


   Skills:
 - Level 2.1 Dodging
 - Level 2.0 Stealth
 + Level 2.9 Spellcasting
 * Level 4.4 Conjurations
 * Level 4.8 Fire Magic


You had one spell level left.
You knew the following spells:

 Your Spells              Type           Power        Failure   Level  Hunger
a - Flame Tongue          Conj/Fire      ###..        2%          1    #......
c - Conjure Flame         Conj/Fire      ###.....     9%          3    ###....
s - Sticky Flame          Conj/Fire      ###.....     28%         4    #####..


Dungeon Overview and Level Annotations

Branches:
Dungeon (4/15)
 Temple: D:4-7

Altars:
The Shining One

Annotations:
D:3 appiemonkey's ghost, amateur MiFi


Innate Abilities, Weirdness & Mutations

((You have a beak for a mouth.))
((You have claws for feet.))
You can fly.


Message History

The flame tongue misses the iguana.
The iguana closely misses you.
You now have 7/10 mp.
Aim: an iguana (almost dead)
The flame tongue misses the iguana.
The iguana bites you!
You take 7 damage, and have 21/28 hp.
MASSIVE DAMAGE!!
You now have 6/10 mp.
Unknown command.
Aim: an iguana (almost dead)
The flame tongue hits the iguana.
You kill the iguana!
You now have 5/10 mp.
You can't see any susceptible monsters within range! (Use Z to cast anyway.)
You start resting.
Health restored: 28; MP restored: 10
d - 6 scrolls of identify (gained 1)
Found a stone staircase leading down.
A scorpion comes into view.
You can't see any susceptible monsters within range! (Use Z to cast anyway.) Unknown command.
Aim: a scorpion The flame tongue hits the scorpion.
You now have 9/10 mp.
Aim: a scorpion (heavily wounded)
The flame tongue hits the scorpion.
The scorpion appears unharmed.
The scorpion closely misses you.
You now have 8/10 mp.
There isn't anything here!
The scorpion closely misses you.
Aim: a scorpion (heavily wounded)
You miscast Sticky Flame.
You are very lightly contaminated with residual magic.
You hear a sizzling sound.
The scorpion stings you!
You are poisoned.
The scorpion poisons you!
You take 7 damage, and have 21/28 hp.
MASSIVE DAMAGE!!
You now have 4/10 mp.
Aim: a scorpion (heavily wounded)
You miscast Sticky Flame.
Your skin glows momentarily.
You are feeling hungry.
You feel sick. The scorpion stings you.
You are lethally poisoned!
The scorpion poisons you!
You take 4 damage, and have 17/28 hp.
You now have 0/10 mp.
You don't have enough magic to cast that spell.
You don't know that spell.
It was a potion of invisibility.
You fade into invisibility!
You feel sick. The scorpion closely misses you.
You take 1 damage, and have 16/28 hp.
You feel sick.
You take 2 damage, and have 14/28 hp.
You feel sick.
You take 1 damage, and have 13/28 hp.
You feel sick.
You feel sick.
You take 1 damage, and have 12/28 hp.
You feel sick.
You take 1 damage, and have 11/28 hp.
It was a potion of lignification.
You turn into a tree.
Your +1 robe melds into your body.
Your roots penetrate the ground.
You feel sick.
You now have 15/42 hp.
You don't know that spell.
You cannot move.
Unknown command.
You feel sick.
You take 1 damage, and have 14/42 hp.
You feel sick.
You take 1 damage, and have 13/42 hp.
You feel sick.
You feel sick.
You take 1 damage, and have 12/42 hp.
You feel sick.
You take 1 damage, and have 11/42 hp.
You feel sick.
You take 1 damage, and have 10/42 hp.
You feel sick.
You take 1 damage, and have 10/42 hp.
The scorpion stings you.
* * * LOW HITPOINT WARNING * * *
You take 2 damage, and have 8/42 hp.
The scorpion stings you.
* * * LOW HITPOINT WARNING * * *
You take 6 damage, and have 2/42 hp.
* * * LOW HITPOINT WARNING * * *
You feel sick.
The scorpion stings you but does no damage.
You take 1 damage, and have 1/42 hp.
The scorpion stings you but does no damage.
The scorpion completely misses you.
You strike the helpless scorpion from behind!
You hit the scorpion.
* * * LOW HITPOINT WARNING * * *
You feel sick.
You take 1 damage, and have 1/42 hp.
You die...

#....# #....###
###.......
#####......#
#..........#
...###.#....#
.#..####..#....#
...............#
###.###...#♣...##
#..#.####..#######.#
#..##.# ##..#.......
...# #.# ##...# ##>#
..# ##.### #. .##
####....# . .
#....##.# ##.#### .#
#..# #


There were no monsters in sight!

Vanquished Creatures
  An orc priest (D:3)
  An iguana (D:4)
  4 adders
  An ooze (D:2)
  2 dart slugs
  7 orcs
  A giant cockroach (D:2)
  4 goblins
  8 hobgoblins
  2 jackals (D:1)
  2 quokkas (D:3)
  5 ball pythons
  6 bats
  A frilled lizard (D:3)
  11 kobolds
  11 rats
67 creatures vanquished.

Notes
Turn   | Place    | Note
-------+----------+-------------------------------------------
     0 | D:1      | shakethe the Tengu Fire Elementalist began the quest for the Orb.
     0 | D:1      | Reached XP level 1. HP: 10/10 MP: 4/4
    55 | D:1      | HP: 2/10 [kobold (2)]
   157 | D:1      | Reached skill level 2 in Conjurations
   157 | D:1      | Reached XP level 2. HP: 8/15 MP: 0/6
  1512 | D:1      | You fall through a shaft!
  1528 | D:2      | Reached XP level 3. HP: 19/19 MP: 2/7
  1608 | D:2      | Reached skill level 4 in Fire Magic
  1610 | D:2      | Reached skill level 3 in Conjurations
  1841 | D:2      | Found a glowing golden altar of the Shining One.
  2226 | D:2      | Reached XP level 4. HP: 24/24 MP: 5/8
  3134 | D:3      | Learned a level 3 spell: Conjure Flame
  3139 | D:3      | Learned a level 4 spell: Sticky Flame
  3165 | D:3      | Reached skill level 4 in Conjurations
  3165 | D:3      | Gained mutation: You can fly. [Tengu growth]
  3165 | D:3      | Reached XP level 5. HP: 20/28 MP: 4/10
  3235 | D:3      | Noticed appiemonkey's ghost (amateur MiFi)
  4119 | D:4      | HP: 10/42 [poisoned by a scorpion]
  4124 | D:4      | HP: 2/42 [scorpion (6)]
  4129 | D:4      | HP: 1/42 [poisoned by a scorpion]
  4133 | D:4      | Succumbed to a scorpion's poison

Skill      XL: |  1  2  3  4 |
---------------+-------------+-----
Conjurations   | 2 3 4 |  4.4
Fire Magic     | 4 |  4.8
Dodging        | |  2.1
Stealth        | |  2.0
Spellcasting   | |  2.9

Action                   |  1- 3 |  4- 6 || total
-------------------------+-------+-------++-------
Melee: Dagger            |    17 |    27 ||    44
       Peck              |     4 |     7 ||    11
       Kick              |     3 |     3 ||     6
 Cast: Flame Tongue      |    58 |    53 ||   111
       Sticky Flame      |       |     1 ||     1
  Use: Scroll            |     4 |     1 ||     5
       Potion            |       |     2 ||     2
 Stab: Invisible         |       |     1 ||     1
  Eat: Chunk             |     5 |     6 ||    11
Armor: Robe              |    11 |    11 ||    22
       Skin              |       |     2 ||     2
Dodge: Dodged            |    19 |    34 ||    53

Vault maps used:
D:1:      saegor_arrival_miasma, minmay_shallow_snake_nest
D:2:      kennysheep_decorative_pillar, tso_metal_star
D:3:      serial_bayou_lagoon_b
D:4:      first_ration, uniq_edmund, uniq_natasha, uniq_grinder

Table legend:
 A = Turns spent in this place as a percentage of turns spent in the entire game.
 B = Non-inter-level travel turns spent in this place as a percentage of non-inter-level travel turns spent in the entire game.
 C = Inter-level travel turns spent in this place as a percentage of turns spent in this place.
 D = Turns resting spent in this place as a percentage of non-inter-level travel turns spent in this place.
 E = Turns spent auto-exploring this place as a percentage of non-inter-level travel turns spent in this place.
 F = Non-inter-level travel turns spent in this place divided by the number of levels of this place that you've seen.
                   A       B       C       D       E      F
               +-------+-------+-------+-------+-------+----------------------
         Total | 100.0 | 100.0 |   4.1 |  41.6 |  36.6 | 991.0
       Dungeon | 100.0 | 100.0 |   4.1 |  41.6 |  36.6 | 991.0
               +-------+-------+-------+-------+-------+----------------------

Table legend:
 A = Kills in this place as a percentage of kills in entire the game.
 B = Kills by you in this place as a percentage of kills by you in the entire game.
 C = Kills by friends in this place as a percentage of kills by friends in the entire game.
 D = Other kills in this place as a percentage of other kills in the entire game.
 E = Experience gained in this place as a percentage of experience gained in the entire game.
 F = Experience gained in this place divided by the number of levels of this place that you have seen.
                   A       B       C       D       E      F
               +-------+-------+-------+-------+-------+----------------------
         Total | 100.0 | 100.0 |   N/A |   N/A | 100.0 |  61.0
       Dungeon | 100.0 | 100.0 |   N/A |   N/A | 100.0 |  61.0
               +-------+-------+-------+-------+-------+----------------------
